 Dungeon Crawl Stone Soup version 0.29-a0-648-g6b26cc9f40 (webtiles) character file.

Game seed: 16530412882243609176

3441 zeratav the Archer (level 9, -7/48 HPs)
             Began as a Spriggan Hunter on June 20, 2022.
             Was an Initiate of Gozag.
             Killed from afar by a molten gargoyle (23 damage)
             ... with a bolt of magma
             ... on level 8 of the Dungeon.
             The game lasted 00:24:13 (9000 turns).

zeratav the Archer (Spriggan Hunter)                Turns: 9000, Time: 00:24:14

Health: -7/48      AC:  2    Str:  7    XL:     9   Next: 77%
Magic:  10/10      EV: 25    Int: 10    God:    Gozag
Gold:   1298       SH:  0    Dex: 23    Spells: 8/8 levels left

rFire   . . .      SeeInvis +   a - +2 shortbow {bow}
rCold   . . .      Faith    .   (shield currently unavailable)
rNeg    + . .      Spirit   .   d - +0 robe {rN+}
rPois   .          Reflect  .   (helmet restricted)
rElec   .          Harm     .   (no cloak)
rCorr   .          Rampage  .   (gloves unavailable)
Will    ++...                   (boots unavailable)
Stlth   +++.......              (no amulet)
HPRegen 0.16/turn               p - ring of willpower
MPRegen 0.12/turn               (no ring)

@: very quick
A: very small, no large weapons, unfitting armour, see invisible, speed 3
a: Renounce Religion, Potion Petition, Call Merchant, Bribe Branch


You were on level 8 of the Dungeon.
You worshipped Gozag.
Gozag was most pleased with you.
You visited 1 branch of the dungeon, and saw 9 of its levels.

You collected 1485 gold pieces.
You spent 52 gold pieces at shops.
You paid 135 gold pieces to Gozag.


Innate Abilities, Weirdness & Mutations

You are very small and have problems with some larger weapons.
You are too small for most types of armour.
You have supernaturally acute eyesight. (SInv)
You cover ground extremely quickly. (Speed+++)


   Skills:
 + Level 5.7 Fighting
 + Level 12.6 Bows
 + Level 9.1 Dodging
 - Level 5.0 Stealth


You had 8 spell levels left.
You didn't know any spells.
Your spell library contained the following spells:

 Spells                   Type           Power      Damage    Failure   Level
 Magic Dart               Conj           0%         1d3       36%         1
 Sandblast                Erth           0%         2d4       36%         1
 Passwall                 Tmut/Erth      0%         N/A       50%         2
 Searing Ray              Conj           0%         2d4       50%         2
 Frozen Ramparts          Ice            0%         1d2       75%         3
 Stone Arrow              Conj/Erth      0%         3d7       75%         3
 Fulminant Prism          Conj/Hex       0%         3d6       98%         4
 Ice Form                 Ice/Tmut       0%         N/A       98%         4
 Summon Ice Beast         Ice/Summ       0%         N/A       98%         4

Inventory:

Hand Weapons
 a - a +2 shortbow (weapon) {bow}
 A - a +1 short sword of electrocution {short}
   (You took it off a kobold on level 6 of the Dungeon)
Armour
 d - a +0 robe of positive energy (worn)
   (You found it on level 1 of the Dungeon)
 C - the +0 robe "Uryich" {+Inv Dex-4 SInv}
   (You found it on level 6 of the Dungeon)

   Dex:       It affects your dexterity (-4).
   SInv:      It lets you see invisible.
   +Inv:      It lets you turn invisible.
Jewellery
 p - a ring of willpower (left hand)
   (You found it on level 5 of the Dungeon)
 s - an amulet of magic regeneration {@e2}
   (You took it off an orc on level 4 of the Dungeon)
Wands
 r - a wand of polymorph (7)
   (You found it on level 5 of the Dungeon)
 E - a wand of mindburst (11)
   (You found it on level 8 of the Dungeon)
 F - a wand of paralysis (10)
   (You found it on level 8 of the Dungeon)
 H - a wand of digging (8)
   (You found it on level 8 of the Dungeon)
 J - a wand of light (14)
   (You took it off an orc on level 8 of the Dungeon)
Scrolls
 b - 5 scrolls of teleportation {@r4}
 c - a scroll of immolation {!r!r}
 e - a scroll of summoning
 f - a scroll of fog
 h - 3 scrolls of blinking {!r}
 i - 2 scrolls of amnesia
 j - a scroll of enchant weapon
 n - a scroll of noise {!r}
 o - 2 scrolls of enchant armour
 q - a scroll of magic mapping {!r}
 x - 3 scrolls of vulnerability {!r!r}
 y - 2 scrolls of fear
Potions
 g - a potion of berserk rage {!q}
 k - 2 potions of invisibility {unknown}
 l - 2 potions of lignification {unknown}
 m - 3 potions of brilliance {unknown}
 t - 2 potions of heal wounds {unknown}
 u - a potion of resistance {unknown}
 v - 3 potions of might {unknown}
 w - 2 potions of ambrosia {unknown}
 z - a potion of haste {unknown}
 B - a potion of curing {unknown}
 D - 2 potions of flight {unknown}

Dungeon Overview and Level Annotations

Branches:
Dungeon (9/15) Zot: 26693  Temple (0/1) D:7            Lair (0/6) D:8
    Orc: D:9-12

Altars:
Gozag
Sif Muna

Shops:
D:2 [(( D:8

? ....#######..#...#..## #..
...........#...≈...#.# #..
...#######....###....# #..
.....................# #..
#########.#.#.##.#####
######.. ..........#.#.##.#
#####.......
########..#......#
#..........#
#..#......#####.><.......#
#..#.....@...............#
#..#.......9.............#
#..#.###.................#
#..#.# #.................#
#..#.# #.........##.######
########..#.# #.........##.#
............######.#'#####.#
.#######..##.......#.# #.#
.#.........#.#######.# #.#


You could see a molten gargoyle.


Message History

Aim: a molten gargoyle, wielding a +0 morningstar (severely damaged, 80% to hit)
You shoot an arrow. The arrow hits the molten gargoyle!
You destroy the molten gargoyle!
Your Dodging skill increases to level 9!
HP[+1]
You now have 48 max hp (+1).
Your hp is fully restored (48).
Shoot: a) +2 shortbow {bow}
Press: ? - help, Q - select action, (/) - cycle Shift-Dir - straight line, f - you That would be overly suicidal.
Okay, then.
You now have 1298 gold pieces (gained 6).
You see here a +0 morningstar {mace}.
There is an open door here.
There is an open door here.
There is a stone staircase leading down here.
You climb downwards.
There is a stone staircase leading up here.
The molten gargoyle blasts magma at you!
The bolt of magma hits you!!
Ouch! That really hurt!
* * * LOW HITPOINT WARNING * * *
There is a stone staircase leading up here.
HP[-31]
You take 31 damage, and now have 17/48 hp.
MASSIVE DAMAGE!! (PAUSE)
The molten gargoyle blasts magma at you!
The bolt of magma misses you.
You climb upwards.
There is a stone staircase leading down here.
HP[+1]
The molten gargoyle blasts magma at you!
The bolt of magma misses you.
HP[+1] HP[+1] HP[+1]
You start resting.
HP[+27]
Your hp is fully restored (48).
What are your orders? t - Shout!
Orders for allies: a - Attack new target. r - Retreat! s - Stop attacking. g - Guard the area. f - Follow me.
Anything else - Cancel.
You shout for attention!
What are your orders? t - Shout!
Orders for allies: a - Attack new target. r - Retreat! s - Stop attacking. g - Guard the area. f - Follow me.
Anything else - Cancel.
You shout for attention!
What are your orders? t - Shout!
Orders for allies: a - Attack new target. r - Retreat! s - Stop attacking. g - Guard the area. f - Follow me.
Anything else - Cancel.
You shout for attention!
What are your orders? t - Shout!
Orders for allies: a - Attack new target. r - Retreat! s - Stop attacking. g - Guard the area. f - Follow me.
Anything else - Cancel.
You shout for attention!
What are your orders? t - Shout!
Orders for allies: a - Attack new target. r - Retreat! s - Stop attacking. g - Guard the area. f - Follow me.
Anything else - Cancel.
You shout for attention!
You see here a +0 morningstar {mace}.
What are your orders? t - Shout!
Orders for allies: a - Attack new target. r - Retreat! s - Stop attacking. g - Guard the area. f - Follow me.
Anything else - Cancel.
You shout for attention!
What are your orders? t - Shout!
Orders for allies: a - Attack new target. r - Retreat! s - Stop attacking. g - Guard the area. f - Follow me.
Anything else - Cancel.
You shout for attention!
The molten gargoyle blasts magma at you!
The bolt of magma misses you.
The molten gargoyle hits you with a +0 mace!!
You are engulfed in flames!
* * * LOW HITPOINT WARNING * * *
HP[-32]
You take 32 damage, and now have 16/48 hp.
MASSIVE DAMAGE!! (PAUSE)
The molten gargoyle blasts magma at you!
The bolt of magma hits you!!
You die...
Your body crumbles into a pile of gold.

Skill      XL: |  1  2  3  4  5  6  7  8  9 |
---------------+----------------------------+-----
Bows           | 5 6 7 9 10 11 12 | 12.6
Stealth        | 5 |  5.0
Dodging        | 3 4 7 9 |  9.1
Fighting       | 2 4 5 |  5.7

Action                   |  1- 3 |  4- 6 |  7- 9 || total
-------------------------+-------+-------+-------++-------
 Fire: Shortbow          |    83 |   178 |   409 ||   670
  Use: Scroll            |       |     1 |    15 ||    16
Armor: Robe              |       |     2 |     5 ||     7
Dodge: Dodged            |    12 |    15 |   145 ||   172

Levels and vault maps discovered:
D:1:      dpeg_arrival_concentric_ovals, layout_loops_ring
D:2:      layout_rooms, serial_shops, shop,
          nicolae_shop_competitors_out_of_business, shop,
          ebering_ecumenical_altar_abandoned, fountainhead
D:3:      layout_basic, tgw_sif
D:4:      layout_loops_corners
D:5:      layout_loops_corners, ebering_ghost_gozag
D:6:      layout_rooms, serial_bayou_crossing
D:7:      layout_rooms, temple_pool_b
D:8:      layout_basic, dpeg_oklobed_lair, serial_shops, shop
D:9:      layout_long_grid, minivault_8

Notes
Turn   | Place    | Note
-------+----------+-------------------------------------------
     0 | D:1      | zeratav the Spriggan Hunter began the quest for the Orb.
     0 | D:1      | Reached XP level 1. HP: 10/10 MP: 2/2
     0 | D:1      | magus.rc [v1.9.6]
    64 | D:1      | Reached skill level 5 in Bows
   239 | D:1      | Reached XP level 2. HP: 14/14 MP: 3/3
   609 | D:1      | Reached skill level 6 in Bows
   609 | D:1      | Reached XP level 3. HP: 18/18 MP: 4/4
   959 | D:2      | Found Dokifeke's Antique Armour Shop.
   988 | D:2      | Found Pytiq's Antique Weapon Shop.
  1010 | D:2      | Found Pekecuef's Weapon Shoppe.
  1014 | D:2      | Reached XP level 4. HP: 22/22 MP: 5/5
  1284 | D:2      | Found a faded altar of an unknown god.
  1491 | D:3      | You fall into a shaft and drop 2 floors!
  1491 | D:5      | Entered Level 5 of the Dungeon
  1556 | D:5      | Reached skill level 7 in Bows
  1701 | D:4      | Reached XP level 5. HP: 24/25 MP: 6/6
  2177 | D:3      | Noticed Jessica
  2179 | D:3      | Killed Jessica
  2180 | D:3      | Reached skill level 8 in Bows
  2185 | D:3      | Found a shimmering blue altar of Sif Muna.
  2544 | D:4      | You pick up a book of Conjurations {@e2} and begin
                  | reading...
  2544 | D:4      | You add the spells Magic Dart, Searing Ray and Fulminant
                  | Prism to your library.
  2545 | D:4      | Upgraded the game from 0.29-a0-643-ga013cefcf8 to
                  | 0.29-a0-648-g6b26cc9f40
  2545 | D:4      | magus.rc [v1.9.6]
  3225 | D:5      | Reached skill level 9 in Bows
  3225 | D:5      | Reached XP level 6. HP: 27/30 MP: 7/7
  3337 | D:5      | Found a runed translucent gate.
  3339 | D:5      | Found a runed translucent gate.
  3340 | D:5      | Found a runed translucent gate.
  3341 | D:5      | Found an opulent altar of Gozag.
  3342 | D:5      | Noticed an orc warrior
  3343 | D:5      | Noticed IdlyInterested's ghost (novice DsFi)
  3344 | D:5      | Noticed a yak
  3351 | D:5      | magus.rc [v1.9.6]
  4303 | D:5      | Killed IdlyInterested's ghost
  4304 | D:5      | Reached skill level 10 in Bows
  4304 | D:5      | Reached skill level 5 in Stealth
  4304 | D:5      | Reached skill level 3 in Dodging
  4304 | D:5      | Reached XP level 7. HP: 34/34 MP: 8/8
  4383 | D:5      | Reached skill level 2 in Fighting
  4573 | D:5      | Killed a yak
  4574 | D:5      | Reached skill level 4 in Dodging
  4841 | D:6      | Reached XP level 8. HP: 28/39 MP: 9/9
  5136 | D:6      | Reached skill level 3 in Fighting
  5152 | D:6      | Reached skill level 5 in Dodging
  5221 | D:6      | Reached skill level 11 in Bows
  5358 | D:6      | Reached skill level 6 in Dodging
  5451 | D:6      | You pick up a book of Geomancy and begin reading...
  5451 | D:6      | You add the spells Sandblast, Passwall and Stone Arrow to
                  | your library.
  5714 | D:6      | Reached skill level 4 in Fighting
  5790 | D:5      | Became a worshipper of Gozag Ym Sagoz the Greedy
  5888 | D:6      | Identified the +0 robe "Uryich" {+Inv Dex-4 SInv}
  6062 | D:6      | Identified a scroll of acquirement
  6062 | D:6      | Acquired 639 gold pieces
  6359 | D:7      | Reached skill level 7 in Dodging
  6374 | D:7      | You pick up a book of Geomancy and begin reading...
  6409 | D:7      | Reached XP level 9. HP: 46/46 MP: 10/10
  6898 | D:7      | Found a staircase to the Ecumenical Temple.
  7190 | D:8      | Reached skill level 12 in Bows
  7248 | D:8      | Reached skill level 8 in Dodging
  7329 | D:8      | Reached skill level 5 in Fighting
  7411 | D:8      | Found a staircase to the Lair.
  7741 | D:8      | You pick up a book of Rime and begin reading...
  7741 | D:8      | You add the spells Frozen Ramparts, Ice Form and Summon Ice
                  | Beast to your library.
  7847 | D:8      | Found Xurrudaz's Magic Scroll Emporium.
  7855 | D:8      | Bought a scroll of identify for 26 gold pieces
  7855 | D:8      | Bought a scroll of identify for 26 gold pieces
  8629 | D:9      | Noticed a molten gargoyle
  8630 | D:9      | Noticed a molten gargoyle
  8660 | D:8      | Killed a molten gargoyle
  8661 | D:8      | Reached skill level 9 in Dodging
  9000 | D:8      | Killed from afar by a molten gargoyle

Vanquished Creatures
  The ghost of IdlyInterested the Cudgeller, a novice DsFi (D:5)
  A molten gargoyle (D:8)
  A hornet (D:8)
  A yak (D:5)
  A water moccasin (D:6)
  3 orc warriors
  A sky beast (D:7)
  2 black bears (D:6)
  An ice beast (D:7)
  2 centaurs
  2 kobold brigands (D:7)
  2 necrophages
  A scorpion (D:5)
  A gnoll sergeant (D:7)
  5 killer bees (D:8)
  3 howler monkeys
  6 jellies
  A gnoll shaman (D:6)
  2 orc priests
  4 hounds (D:6)
  Jessica (D:3)
  2 iguanas (D:6)
  5 orc wizards
  12 gnolls
  6 adders
  A shadow imp (D:6)
  3 white imps
  2 ufetubi
  2 worms
  4 dart slugs
  18 orcs
  6 endoplasms
  A giant cockroach (D:1)
  10 goblins
  8 hobgoblins
  3 quokkas
  3 ball pythons (D:1)
  5 bats
  2 frilled lizards (D:1)
  15 kobolds
  4 rats
154 creatures vanquished.

Vanquished Creatures (others)
  5 fungi (D:8)
  14 plants
19 creatures vanquished.

Grand Total: 173 creatures vanquished

Table legend:
 A = Non-vault XP
 B = Vault XP
 C = Vault XP percentage of total XP
 D = Non-vault monster count
 E = Vault monster count
 F = Vault count percentage of total count
                 A         B        C        D         E       F
            +---------+---------+-------+---------+---------+-------
      Total |    3720 |    1196 |  24.3 |     148 |       6 |   3.9
            +---------+---------+-------+---------+---------+-------
        D:1 |      50 |       0 |   0.0 |      22 |       0 |   0.0
        D:2 |      61 |       0 |   0.0 |      17 |       0 |   0.0
        D:3 |       7 |      37 |  84.1 |       4 |       1 |  20.0
        D:4 |     120 |       0 |   0.0 |      17 |       0 |   0.0
        D:5 |     343 |     758 |  68.8 |      13 |       4 |  23.5
        D:6 |    1236 |       0 |   0.0 |      28 |       0 |   0.0
        D:7 |     955 |       0 |   0.0 |      29 |       0 |   0.0
        D:8 |     948 |     401 |  29.7 |      18 |       1 |   5.3
            +---------+---------+-------+---------+---------+-------

Illustrated notes

Table legend:
 A = Kills in this place as a percentage of kills in entire the game.
 B = Kills by you in this place as a percentage of kills by you in the entire game.
 C = Kills by friends in this place as a percentage of kills by friends in the entire game.
 D = Other kills in this place as a percentage of other kills in the entire game.
 E = Experience gained in this place as a percentage of experience gained in the entire game.
 F = Experience gained in this place divided by the number of levels of this place that you have seen.
                   A       B       C       D       E      F
               +-------+-------+-------+-------+-------+----------------------
         Total | 100.0 | 100.0 |   N/A |   N/A | 100.0 | 546.2
       Dungeon | 100.0 | 100.0 |   N/A |   N/A | 100.0 | 546.2
               +-------+-------+-------+-------+-------+----------------------

Table legend: (Time is in decaauts)
 A = Elapsed time spent in this place.
 B = Non-inter-level travel time spent in this place.
 C = Inter-level travel time spent in this place.
 D = Time resting spent in this place.
 E = Time spent auto-exploring this place.
 F = Levels seen in this place.
 G = Mean time per level.
                   A        B        C        D        E       F      G
               +--------+--------+--------+--------+--------+-----+--------+
         Total |   6461 |   6140 |    321 |    686 |   3836 |   9 |  717.9 |
       Dungeon |   6461 |   6140 |    321 |    686 |   3836 |   9 |  717.9 |
               +--------+--------+--------+--------+--------+-----+--------+

Top non-repeatable levels by time:
     D:8: 1404 daAuts
     D:6: 1324 daAuts
     D:5: 1140 daAuts
     D:4: 621 daAuts
     D:1: 615 daAuts
     D:3: 513 daAuts
     D:7: 460 daAuts
     D:2: 353 daAuts
     D:9: 27 daAuts
